 Dungeon Crawl Stone Soup version 0.24.0-123-gd5b16e6ec5 (webtiles) character file.

Game seed: 5423194209651682370, levelgen mode: deterministic

727337 soobin the Conqueror (level 27, -27/199 HPs)
             Began as a Merfolk Gladiator on Jan 25, 2020.
             Was a High Priest of Hepliaklqana.
             Killed from afar by an electric golem (36 damage)
             ... with a bolt of lightning
             ... on level 5 of the Realm of Zot on Jan 26, 2020.
             The game lasted 05:26:04 (107499 turns).

soobin the Conqueror (Merfolk Gladiator)          Turns: 107499, Time: 05:26:05

Health: -27/199    AC: 49    Str: 23    XL:     27
Magic:  33/33      EV: 14    Int: 15    God:    Hepliaklqana [*****.]
Gold:   5825       SH: 28    Dex: 14    Spells: 23/26 levels left

rFire    + + +     SeeInvis +   a - +9 demon trident (freeze)
rCold    + . .     Gourm    .   A - +0 large shield
rNeg     + . .     Faith    .   S - +9 gold dragon scales
rPois    +         Spirit   .   P - +2 hat {MR+}
rElec    .         Reflect  +   C - +2 cloak
rCorr    .         Harm     .   U - +2 pair of gloves
MR       +++..                  m - +2 pair of boots
Stlth    ..........             x - +3 amulet of reflection
HPRegen  0.43/turn              z - ring of the Genius {*Drain rF++ rN+ Int+6}
MPRegen  0.23/turn              l - ring of see invisible

@: no status effects
A: change form in water, swift swim, stealthy swim, reduced essence, antennae 1,
repulsion field 1, molten scales 1, blurry vision 1, clumsy 1, deterioration 1,
frail 1, weak 1
}: 3/15 runes: decaying, serpentine, silver
a: Recall Ancestor, Ancestor Identity, Transference, Idealise, Renounce Religion


You were on level 5 of the Realm of Zot.
You worshipped Hepliaklqana.
Hepliaklqana was extremely pleased with you.
You were full.

You visited 10 branches of the dungeon, and saw 52 of its levels.
You visited the Abyss 2 times.
You also visited: Ossuary, Wizlab and Desolation.

You collected 8507 gold pieces.
You spent 2682 gold pieces at shops.

Inventory:

Hand Weapons
 a - a +9 demon trident of freezing (weapon)
 b - a +9 trishula of holy wrath
 L - the +8 spear of Yhalaoje {venom, +Fly rElec rPois Str-2 Dex+4}
   (You took it off a spriggan air mage on level 2 of the Depths)

   It poisons the flesh of those it strikes.
   It affects your strength (-2).
   It affects your dexterity (+4).
   It insulates you from electricity.
   It protects you from poison.
   It lets you fly.
Missiles
 d - 14 throwing nets
 h - 7 boomerangs of dispersal
 T - 13 curare-tipped darts
 W - 8 javelins (quivered)
 Y - 4 silver javelins
Armour
 m - a +2 pair of boots (worn)
 A - a +0 large shield (worn)
 C - a +2 cloak (worn)
 P - a +2 hat of magic resistance (worn)
 S - +9 gold dragon scales (worn)
 U - a +2 pair of gloves (worn)
Jewellery
 l - a ring of see invisible (right hand)
 x - a +3 amulet of reflection (around neck)
 z - the ring of the Genius (left hand) {*Drain rF++ rN+ Int+6}
   (You found it on level 3 of the Crypt)

   [ring of positive energy]

   It affects your intelligence (+6).
   It greatly protects you from fire.
   It protects you from negative energy.
   It causes draining when unequipped.
 I - a +5 ring of evasion
 J - an uncursed ring of protection from magic
Wands
 p - a wand of clouds (1)
 q - a wand of acid (16)
 v - a wand of iceblast (56)
 M - a wand of digging (25)
Scrolls
 i - 5 scrolls of magic mapping
 j - 31 scrolls of remove curse
 r - 25 scrolls of teleportation
 t - a scroll of summoning
 y - a scroll of blinking
 D - 14 scrolls of identify
 E - 8 scrolls of fear
 R - 7 scrolls of immolation
 V - 2 scrolls of silence
Potions
 c - a potion of ambrosia
 g - 6 potions of curing
 k - 7 potions of magic
 o - 5 potions of mutation
 w - 9 potions of agility
 B - 3 potions of haste
 F - 7 potions of brilliance
 G - 2 potions of heal wounds
 K - 4 potions of invisibility
 N - 6 potions of flight
 Q - 7 potions of cancellation
Miscellaneous
 n - a lamp of fire
 s - 2 phantom mirrors
 u - a phial of floods
 X - 2 boxes of beasts
Comestibles
 f - 62 rations


   Skills:
 O Level 27 Fighting
 * Level 24.7 Polearms
 - Level 11.2 Throwing
 * Level 22.1 Armour
 - Level 13.5 Dodging
 - Level 0.5 Stealth
 - Level 23.5 Shields
 - Level 0.2 Spellcasting
 - Level 0.3 Translocations
 - Level 4.7 Transmutations
 - Level 2.8 Earth Magic
 * Level 14.1 Invocations
 - Level 6.0 Evocations


You had 23 spell levels left.
You knew the following spells:

 Your Spells              Type           Power        Failure   Level  Hunger
a - Passwall              Tmut/Erth      ##......     83%         2    ###....
b - Apportation           Tloc           #.....       99%         1    ##.....

Your spell library contained the following spells:

 Spells                   Type           Power        Failure   Level  Hunger
 Beastly Appendage        Tmut           ##....       54%         1    ##.....
 Sticks to Snakes         Tmut           ##......     69%         2    ###....
 Sandblast                Erth           #.....       82%         1    ##.....
 Animate Skeleton         Necr           N/A          99%         1    ##.....
 Confusing Touch          Hex            #.....       99%         1    ##.....
 Corona                   Hex            #......      99%         1    ##.....
 Flame Tongue             Conj/Fire      #....        99%         1    ##.....
 Freeze                   Ice            #...         99%         1    ##.....
 Pain                     Necr           #...         99%         1    ##.....
 Shock                    Conj/Air       #...         99%         1    ##.....
 Summon Butterflies       Summ           #.......     99%         1    ##.....
 Summon Small Mammal      Summ           #...         99%         1    ##.....
 Spider Form              Tmut/Pois      #.........   99%         3    ####...
 Call Imp                 Summ           #.......     100%        2    ###....
 Corpse Rot               Necr           N/A          100%        2    ###....
 Ensorcelled Hibernation  Hex/Ice        #.....       100%        2    ###....
 Shroud of Golubria       Chrm/Tloc      #.....       100%        2    ###....
 Slow                     Hex            #.......     100%        2    ###....
 Sublimation of Blood     Necr           #.........   100%        2    ###....
 Swiftness                Chrm/Air       #.......     100%        2    ###....
 Throw Flame              Conj/Fire      #.....       100%        2    ###....
 Throw Frost              Conj/Ice       #.....       100%        2    ###....
 Call Canine Familiar     Summ           #.......     100%        3    ####...
 Confuse                  Hex            #.......     100%        3    ####...
 Conjure Flame            Conj/Fire      #.......     100%        3    ####...
 Dazzling Spray           Conj/Hex       #.....       100%        3    ####...
 Gell's Gravitas          Tloc           #.........   100%        3    ####...
 Ignite Poison            Fire/Tmut/Pois #.......     100%        3    ####...
 Inner Flame              Hex/Fire       #.......     100%        3    ####...
 Lesser Beckoning         Tloc           #.........   100%        3    ####...
 Ozocubu's Armour         Chrm/Ice       #.......     100%        3    ####...
 Portal Projectile        Hex/Tloc       #.....       100%        3    ####...
 Recall                   Summ/Tloc      N/A          100%        3    ####...
 Regeneration             Chrm/Necr      #.........   100%        3    ####...
 Static Discharge         Conj/Air       #.......     100%        3    ####...
 Stone Arrow              Conj/Erth      #.....       100%        3    ####...
 Summon Guardian Golem    Hex/Summ       #.......     100%        3    ####...
 Tukima's Dance           Hex            #.......     100%        3    ####...
 Vampiric Draining        Necr           #.........   100%        3    ####...
 Airstrike                Air            #.........   100%        4    #####..
 Cause Fear               Hex            #.........   100%        4    #####..
 Force Lance              Conj/Tloc      #.......     100%        4    #####..
 Fulminant Prism          Conj/Hex       #.........   100%        4    #####..
 Ice Form                 Ice/Tmut       #.......     100%        4    #####..
 Leda's Liquefaction      Hex/Erth       #.........   100%        4    #####..
 Passage of Golubria      Tloc           N/A          100%        4    #####..
 Petrify                  Tmut/Erth      ##......     100%        4    #####..
 Sticky Flame             Conj/Fire      #.......     100%        4    #####..
 Summon Ice Beast         Ice/Summ       #.......     100%        4    #####..
 Summon Lightning Spire   Summ/Air       #.......     100%        4    #####..
 Throw Icicle             Conj/Ice       #.......     100%        4    #####..
 Agony                    Necr           #.......     100%        5    ######.
 Alistair's Intoxication  Tmut/Pois      #.......     100%        5    ######.
 Aura of Abjuration       Summ           #.........   100%        5    ######.
 Blade Hands              Tmut           ##........   100%        5    ######.
 Bolt of Magma            Conj/Fire/Erth #.........   100%        5    ######.
 Borgnjor's Vile Clutch   Necr/Erth      #.........   100%        5    ######.
 Dispel Undead            Necr           #.......     100%        5    ######.
 Fireball                 Conj/Fire      #.........   100%        5    ######.
 Iskenderun's Battlesphe  Conj/Chrm      #.......     100%        5    ######.
 Lee's Rapid Deconstruct  Erth           #.........   100%        5    ######.
 Lightning Bolt           Conj/Air       #.........   100%        5    ######.
 Metabolic Englaciation   Hex/Ice        #.........   100%        5    ######.
 Silence                  Hex/Air        #.........   100%        5    ######.
 Summon Demon             Summ           #.........   100%        5    ######.
 Summon Forest            Summ/Tloc      #.........   100%        5    ######.
 Summon Mana Viper        Hex/Summ       #.......     100%        5    ######.
 Venom Bolt               Conj/Pois      #.........   100%        5    ######.
 Yara's Violent Unravell  Hex/Tmut       #.........   100%        5    ######.
 Bolt of Fire             Conj/Fire      #.........   100%        6    #######
 Conjure Ball Lightning   Conj/Air       #.........   100%        6    #######
 Darkness                 Hex            #.........   100%        6    #######
 Death Channel            Necr           #.........   100%        6    #######
 Deflect Missiles         Chrm/Air       #.........   100%        6    #######
 Dispersal                Tloc           #.........   100%        6    #######
 Invisibility             Hex            #.......     100%        6    #######
 Iron Shot                Conj/Erth      #.........   100%        6    #######
 Poison Arrow             Conj/Pois      #.........   100%        6    #######
 Shadow Creatures         Summ           N/A          100%        6    #######
 Statue Form              Tmut/Erth      ##.......    100%        6    #######
 Dragon Form              Tmut           ##........   100%        7    #######
 Haunt                    Necr/Summ      #.........   100%        7    #######
 Malign Gateway           Summ/Tloc      #.........   100%        7    #######
 Orb of Destruction       Conj           #.........   100%        7    #######
 Spellforged Servitor     Conj/Summ      #.........   100%        7    #######
 Summon Hydra             Summ           #.........   100%        7    #######
 Borgnjor's Revivificati  Necr           #.........   100%        8    #######
 Chain Lightning          Conj/Air       #.........   100%        8    #######
 Controlled Blink         Tloc           N/A          100%        8    #######
 Death's Door             Chrm/Necr      #.........   100%        8    #######
 Discord                  Hex            #.........   100%        8    #######
 Disjunction              Tloc           #.........   100%        8    #######
 Ignition                 Fire           #.........   100%        8    #######
 Infestation              Necr           #.........   100%        8    #######
 Lehudib's Crystal Spear  Conj/Erth      #.........   100%        8    #######
 Necromutation            Tmut/Necr      #.........   100%        8    #######
 Dragon's Call            Summ           #.........   100%        9    #######
 Fire Storm               Conj/Fire      #.........   100%        9    #######
 Glaciate                 Conj/Ice       #.........   100%        9    #######
 Shatter                  Erth           #.........   100%        9    #######
 Tornado                  Air            #.........   100%        9    #######


Dungeon Overview and Level Annotations

Branches:
Dungeon (15/15)            Temple (0/1) D:7            Lair (6/6) D:8
  Swamp (4/4) Lair:2        Snake (4/4) Lair:3        Slime (0/5) Lair:6
    Orc (2/2) D:10            Elf (3/3) Orc:2        Vaults (5/5) D:13
  Crypt (3/3) Vaults:2       Tomb (0/3) Crypt:3      Depths (5/5) D:15
    Zot (5/5) Depths:5    Ossuary (visited)          WizLab (visited)
Desolation (visited)

Altars:
Elyvilon
Hepliaklqana
Kikubaaqudgha
Okawaru
Qazlal
Uskayaw
Vehumet
Xom
Yredelemnul
Zin
The Shining One
Beogh
Jiyva

Shops:
D:10 =   Orc:1 *   Orc:2 *((=   Snake:4 :(?   Vaults:1 !   Depths:4 %

Portals:
Hell: Depths:1 Depths:2 Depths:3 Depths:4 Depths:5
Abyss: Depths:1 Depths:2 Depths:3 Depths:4
Pandemonium: Depths:1 Depths:3 Depths:4 Depths:5
Ziggurat: Depths:2

Annotations:
D:5 exclusions: downstairs and hexer
D:9 exclusion: downstairs
D:10 exclusion: downstairs, MisterT's ghost, novice DsAK
D:12 exclusion: downstairs
D:13 exclusion: hexer
D:14 exclusion: downstairs
Lair:5 3 runed translucent doors, exclusion: 2 downstairs, Imumygh's ghost, journeyman HOMo
Elf:1 2 runed translucent doors, MisterT's ghost, journeyman DDFi


Innate Abilities, Weirdness & Mutations

You revert to your normal form in water.
You are very nimble and swift while swimming.
You are very stealthy in the water. (Stealth+)
Your life essence is reduced to manifest your ancestor. (-10% HP)
You have a pair of small antennae on your head.
You are surrounded by a mild repulsion field. (EV +2)
You are partially covered in molten scales. (AC +2)
Scrolls take you a little longer to read.
You are clumsy. (Dex -2)
Your body sometimes deteriorates upon taking damage.
You are frail. (-10% HP)
You are weak. (Str -2)


Message History

The Orb Guardian hits you but does no damage.
The Orb Guardian barely misses you.
The Killer Klown blinks!
Really read with blurry vision while enemies are nearby?
The orb of fire glows deep purple.
The bolt of fire misses you. You block the Orb Guardian's attack.
The Orb Guardian hits you!
* * * LOW HITPOINT WARNING * * *
You begin reading the scroll.
You continue reading the scroll.
The electric golem hurls lightning at you.
The bolt of lightning hits the orb of fire.
The orb of fire completely resists.
The bolt of lightning hits you!!
* * * LOW HITPOINT WARNING * * *
The bolt of lightning hits the orb of fire.
The orb of fire completely resists.
You block the Orb Guardian's attack.
The Orb Guardian hits you but does no damage.
The electric golem crackles and sizzles.
The electric golem hurls lightning at you.
The bolt of lightning hits the orb of fire.
The orb of fire completely resists.
The bolt of lightning hits you!!!
You die...

,,,,,,,,,*,,,,,,,,,,,,,,,,,,,,,,*
,,,,,,,,**,,,,,,,,,,,,,,,,,,,,,,,
,,,,,,,***,,,,,,,,,,..^..........
******** *,,,,,,,,,,.............
**,,,,,,,,,.............
***,,,,,,,,,..........▓
****{,,,,,,....(...▓*
#▓▓▓▓▓▓▓▓▓▓▓##((..^▓▓
###.XX*@XpD......^....##
##...X##X*.§............#
#########...###..§...............
^.........p###.........§......}..
..:.......## #......8............
..........# #...................
)........## #...^............^..
.........# #...................
.........## #...................


You could see 2 orbs of fire, a Killer Klown, an electric golem, a storm dragon
and 5 Orb Guardians.

Vanquished Creatures
  5 ancient liches
  4 orbs of fire
  Mennas (Vaults:2)
  2 juggernauts
  2 Killer Klowns (Zot:5)
  Bai Suzhen (Swamp:3)
  Frederick (Vaults:2)
  A caustic shrike (Depths:2)
  15 golden dragons
  3 bone dragons
  the Enchantress (Depths:1)
  2 electric golems
  18 tentacled monstrosities
  4 liches
  10 quicksilver dragons
  4 deep elf blademasters
  18 Orb Guardians (Zot:5)
  7 titans
  4 death cobs
  5 sphinxes
  Frances (D:14)
  5 tengu reavers
  2 tentacled starspawn
  3 ancient champions (Crypt:3)
  9 shadow dragons
  2 thorn hunters
  19 storm dragons
  Roxanne (Swamp:1)
  7 nagarajas
  A draconian monk (Zot:1)
  12 fire giants
  A revenant (Crypt:3)
  8 frost giants
  3 ghost moths
  8 deep elf sorcerers
  16 vault wardens
  6 draconian scorchers
  5 iron dragons
  An angel (Elf:1)
  A cacodemon (Depths:4)
  2 imperial myrmidons (Desolation)
  6 draconian knights
  5 draconian annihilators
  A curse skull (Vaults:2)
  2 orc warlords
  2 deep elf elementalists (Elf:3)
  6 draconian shifters
  2 reapers (Crypt:2)
  10 ironheart preservers
  A draconian stormcaller (Zot:4)
  8 ghouls
  15 very ugly things
  15 stone giants
  10 vampire knights
  5 spriggan defenders
  Nessos (D:15)
  A lorocyproca (Abyss:1)
  9 green draconians
  13 spark wasps
  9 deep elf annihilators
  6 deep elf demonologists
  10 black draconians
  6 white draconians
  2 halazid warlocks (Desolation)
  6 purple draconians
  A red draconian (Zot:2)
  11 yellow draconians
  Azrael (D:15)
  14 ettins
  2 orange crystal statues
  10 fire dragons
  6 deep elf death magi
  11 jiangshi
  An eidolon (Vaults:2)
  A merfolk impaler (Depths:2)
  4 ragged hierophants (Desolation)
  2 deep elf high priests
  15 yaktaur captains
  24 vault guards
  15 hydras
  13 naga warriors
  8 great orbs of eyes
  Josephine (Swamp:1)
  13 ice dragons
  4 spriggan air magi
  Harold (D:9)
  7 servants of whispers (Desolation)
  A quicksilver dragon skeleton (Crypt:2)
  6 peacekeepers (Desolation)
  4 shambling mangroves
  3 rakshasas
  A catoblepas (Lair:6)
  13 alligators
  9 centaur warriors
  2 ghost crabs (Swamp:1)
  7 anacondas
  54 two-headed ogres
  21 dancing weapons
  A queen ant (Lair:2)
  6 death knights
  15 ogre magi
  12 death yaks
  9 vampire magi
  The ghost of Sassenached the Fighter, a novice DsWn of Makhleb (D:9)
  4 hell hogs (Abyss:2)
  5 tengu warriors
  5 thrashing horrors
  5 deep troll shamans
  2 orc high priests
  9 deep troll earth magi
  4 shock serpents (Snake:2)
  9 spriggan berserkers
  15 deep elf knights
  14 naga sharpshooters
  2 soul eaters
  8 hell knights
  A sun demon (Abyss:1)
  2 wretched stars
  3 shadow wraiths
  An iron troll (Depths:5)
  2 fire crabs (shapeshifter)
  A sixfirhy (Abyss:1)
  2 spatial maelstroms
  32 deep trolls
  20 skeletal warriors
  4 unseen horrors
  8 swamp dragons
  7 naga ritualists
  5 glowing orange brains
  2 ghost moth zombies (Crypt:3)
  6 wizards
  An obsidian statue (Zot:5)
  16 ironbrand convokers
  A spriggan druid (Swamp:2)
  3 lindwurms
  An iron giant skeleton (Crypt:3)
  14 deep elf archers
  2 harpies (shapeshifter)
  13 phantasmal warriors
  7 flayed ghosts
  5 necromancers
  A mana viper (shapeshifter) (Depths:1)
  11 orc knights
  A fire giant zombie (Crypt:1)
  8 mana vipers
  A stone giant zombie (Vaults:3)
  4 oklob plants (Lair:3)
  2 wolf spiders (Vaults:3)
  43 ugly things
  A sphinx skeleton (Vaults:2)
  6 orc sorcerers
  A worldbinder (Abyss:2)
  3 cyclopes
  2 manticores
  8 salamanders
  15 moths of wrath
  34 deep elf magi
  7 elephants
  Maurice (D:9)
  2 centaur zombies
  32 naga magi
  A frost giant skeleton (Crypt:3)
  5 guardian serpents
  A black mamba (shapeshifter) (D:9)
  32 black mambas
  15 vault sentinels
  2 orange demons (Abyss:2)
  2 smoke demons (Abyss:1)
  2 molten gargoyles (Lair:6)
  A torpor snail (Lair:4)
  A gargoyle (D:15)
  Psyche (D:9)
  A redback zombie (D:15)
  7 komodo dragons
  21 spiny frogs
  2 rime drakes
  A kobold demonologist (D:14)
  3 efreet
  6 starcursed masses
  A komodo dragon (shapeshifter) (Depths:4)
  44 yaktaurs
  A white draconian skeleton (Crypt:3)
  A red devil (Depths:4)
  3 hellwings
  6 guardian mummies (Crypt:3)
  17 freezing wraiths
  8 tengu conjurers
  6 meliai
  9 trolls
  A jumping spider (shapeshifter) (Vaults:2)
  A moth of wrath zombie (Crypt:2)
  A polar bear (shapeshifter) (Vaults:4)
  A meliai (shapeshifter) (Abyss:2)
  A hydra zombie (Crypt:2)
  An ancient zyme (Abyss:2)
  A polar bear (Lair:4)
  Prince Ribbit (D:9)
  A fire dragon zombie (Crypt:1)
  An iron troll skeleton (Crypt:3)
  5 large abominations
  10 tyrant leeches
  32 saltlings (Desolation)
  A queen bee (Depths:2)
  10 blink frogs
  A raiju (shapeshifter) (D:14)
  23 slime creatures
  A meliai zombie (D:12)
  8 bog bodies
  10 hornets
  3 dream sheep (Lair:6)
  9 hippogriffs
  A tarantella zombie (Crypt:3)
  A fire giant simulacrum (Vaults:3)
  5 water elementals
  An air elemental (Elf:1)
  6 flying skulls
  28 yaks
  6 spriggans
  A spriggan (shapeshifter) (Vaults:4)
  A tarantella (shapeshifter) (D:9)
  4 shadows
  A vampire (D:11)
  A yak (shapeshifter) (Depths:1)
  8 fire elementals
  3 hogs (D:9)
  13 wraiths
  A chaos spawn (Depths:4)
  A human (D:9)
  3 basilisks
  6 wyverns
  2 neqoxecs (D:9)
  13 vampire mosquitoes
  4 wargs
  A steam dragon (Lair:6)
  22 insubstantial wisps
  47 nagas
  A gelid demonspawn zombie (Crypt:1)
  A faun zombie (Crypt:2)
  2 acid dragons
  13 swamp worms
  19 soldier ants
  11 water moccasins
  5 hell hounds
  13 porcupines
  9 small abominations
  2 floating eyes (Depths:2)
  9 swamp drakes
  2 ice beasts
  2 phantoms
  45 orc warriors
  2 elephant zombies (Lair:5)
  2 sky beasts
  A black bear (D:8)
  3 necrophages
  6 wolves (Lair:6)
  9 boggarts
  47 ogres
  16 centaurs
  11 crocodiles
  2 human skeletons
  A yaktaur zombie (Crypt:1)
  7 big kobolds
  A hog skeleton (Crypt:3)
  A rime drake skeleton (Crypt:1)
  A draconian zombie (Crypt:2)
  11 bullfrogs
  2 gnoll sergeants (D:10)
  A deep troll simulacrum (Vaults:2)
  A glowing shapeshifter simulacrum (Vaults:3)
  An earth elemental (Elf:1)
  9 hexers
  A wyvern skeleton (D:15)
  28 killer bees
  A raiju zombie (Crypt:3)
  4 scorpions
  A polar bear skeleton (Crypt:1)
  15 wights
  7 electric eels
  3 howler monkeys
  4 lava snakes (Lair:6)
  3 crimson imps
  3 human zombies
  5 quasits
  2 bullfrog zombies
  A basilisk zombie (Lair:5)
  5 hounds
  10 jellies
  21 orc priests
  6 centaur skeletons
  Crazy Yiuf (D:3)
  An iron imp (Depths:4)
  43 orc wizards
  3 bullfrog skeletons (D:10)
  A basilisk skeleton (Crypt:2)
  3 iguanas
  24 worker ants
  A crocodile zombie (Lair:5)
  2 mummies (Ossuary)
  2 gnolls
  A gnoll (shapeshifter) (Vaults:3)
  13 adders
  7 shadow imps
  2 white imps
  8 ufetubi
  17 oozes
  2 adder zombies
  4 adder skeletons
  A lava snake skeleton (Crypt:1)
  3 worms
  4 dart slugs
  3 leopard geckos
  80 orcs
  7 bats
  A bat skeleton (Crypt:1)
  4 giant cockroaches
  10 hobgoblins
  A jackal (D:7)
  21 kobolds
  4 quokkas
  2 ball pythons
  5 frilled lizards
  3 gnoll zombies (Ossuary)
  6 goblins
  2 goblin zombies (Ossuary)
  2 hobgoblin zombies (Ossuary)
  A jackal zombie (Crypt:3)
  3 orc zombies (Ossuary)
  3 quokka skeletons (D:4)
  4 rats
  A rat skeleton (Crypt:2)
  A briar patch (Swamp:4)
  A bush (Depths:5)
  A starspawn tentacle (Abyss:1)
2327 creatures vanquished.

Vanquished Creatures (collateral kills)
  2 orbs of fire (Zot:5)
  An ancient lich (Zot:5)
  Margery (Depths:3)
  Saint Roka (Elf:2)
  A golden dragon (Depths:2)
  3 tentacled monstrosities
  An electric golem (Zot:3)
  A deep elf master archer (Elf:3)
  2 Orb Guardians (Zot:5)
  5 quicksilver dragons
  A lich (Crypt:3)
  Gastronok (Lair:3)
  5 storm dragons
  The ghost of Barug the Brawler, an adept TrMo of Nemelex Xobeh (Depths:5)
  3 tengu reavers
  3 nagarajas
  4 shadow dragons
  3 fire giants
  A deep elf sorcerer (Elf:1)
  A vault warden (Vaults:3)
  An angel (Elf:1)
  A ghost moth (Zot:5)
  3 deep elf elementalists (Elf:3)
  A draconian shifter (Zot:4)
  3 ghouls
  2 draconian annihilators (Zot:4)
  5 very ugly things
  2 ironheart preservers
  A war gargoyle (Vaults:5)
  4 stone giants
  3 green draconians
  3 deep elf demonologists
  A black draconian (Zot:5)
  2 red draconians (Zot:2)
  A white draconian (Zot:3)
  2 deep elf annihilators
  5 yellow draconians
  A mummy priest (Crypt:3)
  A merfolk javelineer (Depths:2)
  An eidolon (Crypt:2)
  A jiangshi (Crypt:1)
  A deep elf high priest (Elf:3)
  A ragged hierophant (Desolation)
  A fire dragon (Lair:6)
  A crystal guardian (Vaults:4)
  A yaktaur captain (Vaults:4)
  A servant of whispers (Desolation)
  A peacekeeper (Desolation)
  3 ice dragons
  9 hydras
  A shambling mangrove (Swamp:1)
  A naga warrior (Snake:3)
  5 vault guards (Vaults:4)
  2 centaur warriors
  3 spriggan air magi
  3 ogre magi
  8 two-headed ogres
  An alligator (Swamp:3)
  A two-headed ogre (shapeshifter) (Depths:1)
  4 deep troll shamans
  A tengu warrior (Depths:2)
  A deep troll earth mage (Depths:2)
  A death yak (Lair:4)
  8 dancing weapons
  4 naga sharpshooters
  A deep elf knight (Vaults:4)
  An iron troll (Depths:2)
  A salamander mystic (Snake:2)
  An unseen horror (shapeshifter) (D:9)
  2 flayed ghosts
  A wizard (Depths:1)
  2 deep elf archers
  3 swamp dragons
  7 deep trolls
  An ironbrand convoker (Vaults:1)
  A phantasmal warrior (Vaults:4)
  3 naga ritualists
  A wolf spider (shapeshifter) (Vaults:5)
  2 necromancers
  3 orc knights
  8 mana vipers
  14 ugly things
  2 wolf spiders
  A stone giant zombie (Crypt:2)
  9 deep elf magi
  3 orc sorcerers
  4 cyclopes
  An elephant (Lair:2)
  A salamander (Snake:2)
  3 moths of wrath
  5 naga magi
  A guardian serpent (Snake:4)
  4 black mambas
  4 spiny frogs
  A centaur zombie (D:15)
  2 vault sentinels
  A centaur skeleton (D:11)
  2 kobold demonologists (D:14)
  3 yaktaurs
  2 rime drakes
  2 komodo dragons
  2 freezing wraiths
  A tengu conjurer (Depths:1)
  A troll (shapeshifter) (Vaults:4)
  3 tyrant leeches
  A troll (Vaults:4)
  5 hornets
  12 saltlings (Desolation)
  7 slime creatures
  A bog body (Swamp:2)
  3 dream sheep (Lair:6)
  3 blink frogs
  5 hippogriffs
  An alligator zombie (Crypt:1)
  A fire giant simulacrum (Abyss:2)
  2 spriggans (Swamp:3)
  2 wraiths
  A wyvern (shapeshifter) (D:14)
  7 yaks
  4 water elementals
  A hog (D:9)
  3 basilisks (Lair:6)
  A fire elemental (D:15)
  A hungry ghost (D:12)
  A yaktaur simulacrum (Vaults:3)
  A neqoxec (Abyss:2)
  A vampire mosquito (Swamp:2)
  2 swamp worms
  A spatial vortex (Abyss:2)
  A warg (Vaults:3)
  4 nagas
  2 insubstantial wisps (Swamp:1)
  2 soldier ants (Lair:2)
  3 acid dragons (D:13)
  5 water moccasins
  A swamp drake (Swamp:4)
  An ice beast (D:12)
  A necrophage (D:8)
  8 orc warriors
  A hog zombie (Crypt:3)
  9 ogres
  A centaur (D:10)
  A crocodile (Lair:1)
  An elf zombie (Ossuary)
  A big kobold (D:14)
  A bullfrog (D:7)
  A wyvern skeleton (D:14)
  2 killer bees (Depths:2)
  2 wights
  3 electric eels
  A lava snake (Lair:6)
  A quasit (Depths:4)
  2 bullfrog zombies
  A hound (D:9)
  5 orc priests
  A jelly (D:10)
  An iguana (D:9)
  8 orc wizards
  7 worker ants
  4 adders
  2 gnolls (D:5)
  A shadow imp (D:7)
  An ufetubus (Depths:4)
  A worm (D:3)
  A leopard gecko (D:9)
  17 orcs
  A giant cockroach (D:4)
  2 gnoll zombies (Ossuary)
  A jackal (D:7)
  A kobold (D:14)
  A quokka (D:8)
  A briar patch (Swamp:4)
  A fungus (Lair:6)
  A plant (Lair:4)
439 creatures vanquished.

Vanquished Creatures (others)
  Nikola (Swamp:3)
  A golden dragon (Zot:3)
  A deep elf master archer (Elf:3)
  Aizul (Swamp:3)
  A deep elf elementalist (Elf:3)
  A stone giant (Vaults:3)
  A deep elf high priest (Vaults:5)
  3 yaktaur captains
  A shambling mangrove (Swamp:3)
  A centaur warrior (Vaults:4)
  4 naga sharpshooters
  A shadow wraith (Vaults:2)
  A glowing orange brain (Depths:1)
  3 deep elf archers
  A lindwurm (Swamp:4)
  2 deep elf magi
  A cyclops (Vaults:2)
  16 yaktaurs
  A saltling (Desolation)
  A bog body (Swamp:3)
  2 water elementals
  A fire elemental (D:15)
  A naga (Snake:2)
  An acid dragon (Zot:3)
  A hell hound (Lair:6)
  98 hexers
  4 ancestors
  A bush (Depths:5)
  9 fungi
  8 plants
  4 starspawn tentacles
173 creatures vanquished.

Grand Total: 2939 creatures vanquished

Notes
Turn   | Place    | Note
-------+----------+-------------------------------------------
     0 | D:1      | soobin the Merfolk Gladiator began the quest for the Orb.
     0 | D:1      | Reached XP level 1. HP: 16/16 MP: 1/1
   319 | D:1      | Reached XP level 2. HP: 22/22 MP: 2/2
   498 | D:1      | Reached skill level 5 in Polearms
   912 | D:2      | Reached XP level 3. HP: 13/28 MP: 3/3
  1362 | D:2      | Reached skill level 1 in Armour
  1373 | D:2      | Reached XP level 4. HP: 29/34 MP: 4/4
  1517 | D:2      | Found a hazy altar of Hepliaklqana.
  1923 | D:2      | Became a worshipper of Hepliaklqana the Forgotten
  2131 | D:3      | Noticed an ogre
  2134 | D:3      | Noticed an ogre
  2143 | D:3      | Killed an ogre
  2143 | D:3      | Reached XP level 5. HP: 35/35 MP: 5/5
  2155 | D:3      | Killed an ogre
  2155 | D:3      | Reached XP level 6. HP: 23/41 MP: 6/6
  2719 | D:3      | Found a runed translucent door.
  2720 | D:3      | Noticed Crazy Yiuf
  2844 | D:3      | Killed Crazy Yiuf
  2844 | D:3      | Reached skill level 3 in Fighting
  3440 | D:4      | Reached XP level 7. HP: 24/46 MP: 7/7
  3462 | D:4      | Reached * piety under Hepliaklqana
  3472 | D:4      | Reached skill level 1 in Shields
  4039 | D:4      | Gained mutation: You are partially covered in molten
                  | scales. (AC +2) [potion of mutation]
  4039 | D:4      | Gained mutation: You have supernaturally acute eyesight.
                  | (SInv) [potion of mutation]
  4041 | D:4      | Lost mutation: You have supernaturally acute eyesight.
                  | (SInv) [potion of mutation]
  4041 | D:4      | Lost mutation: You are partially covered in molten scales.
                  | (AC +2) [potion of mutation]
  4041 | D:4      | Gained mutation: You are partially covered in yellow
                  | scales. (AC +2) [potion of mutation]
  4041 | D:4      | Gained mutation: Your natural rate of healing is unusually
                  | fast. [potion of mutation]
  4062 | D:5      | Entered Level 5 of the Dungeon
  4203 | D:5      | Found a stormy altar of Qazlal.
  4204 | D:5      | Noticed a fire elemental
  4229 | D:5      | Noticed a water elemental
  4229 | D:5      | Noticed an air elemental
  4523 | D:5      | Reached XP level 8. HP: 52/52 MP: 8/8
  4936 | D:6      | Reached ** piety under Hepliaklqana
  4937 | D:6      | Remembered your ancestor Jabu as a hexer
  5291 | D:6      | Noticed a hippogriff
  5303 | D:6      | Killed a hippogriff
  5303 | D:6      | Reached skill level 4 in Fighting
  5303 | D:6      | Reached XP level 9. HP: 58/58 MP: 9/9
  5573 | D:6      | Reached skill level 5 in Shields
  5778 | D:6      | Reached skill level 10 in Polearms
  5778 | D:6      | Reached skill level 5 in Armour
  6344 | D:7      | Reached *** piety under Hepliaklqana
  6415 | D:7      | Found a staircase to the Ecumenical Temple.
  6907 | D:8      | Found a staircase to the Lair.
  7022 | D:8      | Found a sand-covered staircase.
  7026 | Ossuary  | Entered an ossuary
  7245 | D:8      | Found an iron altar of Okawaru.
  7335 | D:8      | Reached XP level 10. HP: 65/65 MP: 10/10
  7340 | D:8      | Lost mutation: Your natural rate of healing is unusually
                  | fast. [potion of mutation]
  7340 | D:8      | Gained mutation: Your movements are slightly less
                  | encumbered by armour. (ER -2) [potion of mutation]
  7340 | D:8      | Gained mutation: You have a pair of small antennae on your
                  | head. [potion of mutation]
  7340 | D:8      | Gained mutation: You are partially covered in slimy green
                  | scales. (AC +2) [potion of mutation]
  7341 | D:8      | Lost mutation: You are partially covered in yellow scales.
                  | (AC +2) [potion of mutation]
  7341 | D:8      | Lost mutation: Your movements are slightly less encumbered
                  | by armour. (ER -2) [potion of mutation]
  7341 | D:8      | Gained mutation: You are dopey. (Int -2) [potion of
                  | mutation]
  7341 | D:8      | Gained mutation: You are surrounded by a mild repulsion
                  | field. (EV +2) [potion of mutation]
  7342 | D:8      | Lost mutation: You are dopey. (Int -2) [potion of mutation]
  7342 | D:8      | Gained mutation: Your flesh is cold resistant. (rC+)
                  | [potion of mutation]
  7342 | D:8      | Gained mutation: You are partially covered in molten
                  | scales. (AC +2) [potion of mutation]
  7480 | D:8      | Reached skill level 5 in Fighting
  7991 | D:9      | Noticed Psyche
  8004 | D:9      | Killed Psyche
  8153 | D:9      | Noticed Maurice
  8166 | D:9      | Paralysed by Maurice for 3 turns
  8176 | D:9      | Paralysed by Maurice for 3 turns
  8190 | D:9      | Killed Maurice
  8202 | D:9      | Reached **** piety under Hepliaklqana
  8269 | D:9      | Noticed Harold
  8297 | D:9      | Killed Harold
  8670 | D:9      | Noticed Prince Ribbit
  8705 | D:9      | Killed Prince Ribbit
  8790 | D:9      | Reached XP level 11. HP: 72/72 MP: 11/11
  8808 | D:9      | Reached skill level 5 in Throwing
  8905 | D:9      | Found a runed translucent gate.
  8905 | D:9      | Found a runed translucent gate.
  8905 | D:9      | Found a runed translucent gate.
  8905 | D:9      | Noticed a cyan ugly thing
  8905 | D:9      | Noticed a brown ugly thing
  8905 | D:9      | Noticed a red very ugly thing
  8906 | D:9      | Noticed a red ugly thing
  8906 | D:9      | Noticed a white ugly thing
  8906 | D:9      | Noticed a purple ugly thing
  8920 | D:9      | Noticed a glowing orange brain
  9143 | D:10     | Entered Level 10 of the Dungeon
  9271 | D:10     | Reached skill level 6 in Fighting
  9482 | D:10     | Found a runed translucent door.
  9491 | D:10     | Noticed MisterT's ghost (novice DsAK)
  9818 | D:10     | Noticed a two-headed ogre
  9838 | D:10     | Killed a two-headed ogre
  9965 | D:10     | Found Qioqesoy's Jewellery Boutique.
 10006 | D:10     | Found a staircase to the Orcish Mines.
 10011 | D:10     | Reached skill level 10 in Shields
 10582 | D:10     | Got an ancient ring mail
 10593 | D:10     | Identified the +1 ring mail of a Gauntlet {rPois rC+ Int+2}
                  | (You found it on level 10 of the Dungeon)
 11174 | D:11     | Reached skill level 7 in Fighting
 11594 | D:12     | Reached ***** piety under Hepliaklqana
 11630 | D:12     | Reached XP level 12. HP: 81/81 MP: 12/12
 11691 | D:12     | Found a shimmering altar of Xom.
 11729 | D:12     | Noticed a two-headed ogre
 11741 | D:12     | Killed a two-headed ogre
 11987 | D:12     | Noticed a four-headed hydra
 11996 | D:12     | Killed a four-headed hydra
 12026 | D:12     | Found Fugerivo's Weapon Boutique.
 12273 | D:12     | Noticed a seven-headed hydra
 12289 | D:12     | Killed a seven-headed hydra
 12289 | D:12     | Reached skill level 8 in Fighting
 12289 | D:12     | Reached skill level 1 in Invocations
 12892 | D:13     | Noticed a six-headed hydra
 12898 | D:13     | Killed a six-headed hydra
 13179 | D:13     | Noticed a two-headed ogre
 13187 | D:13     | Killed a two-headed ogre
 13937 | D:13     | Reached XP level 13. HP: 89/89 MP: 15/15
 13990 | D:13     | Found a gate to the Vaults.
 13990 | D:13     | Noticed a vault guard
 14040 | D:13     | Killed a vault guard
 14427 | D:14     | Noticed Frances
 14446 | D:14     | Killed Frances
 14758 | D:14     | Noticed a fire dragon
 15386 | D:14     | Reached skill level 15 in Polearms
 15550 | D:14     | Killed a fire dragon
 15550 | D:14     | Reached skill level 9 in Fighting
 15586 | D:14     | Reached skill level 1 in Evocations
 15830 | D:14     | Reached skill level 5 in Invocations
 16013 | D:14     | Identified the +9 plate armour "Duprumua" {rElec rC+ MR-
                  | Dex+4} (You found it on level 14 of the Dungeon)
 16043 | D:15     | Entered Level 15 of the Dungeon
 16053 | D:15     | Noticed Nessos
 16086 | D:15     | Killed Nessos
 16288 | D:15     | Noticed Azrael
 17161 | D:15     | Killed Azrael
 17161 | D:15     | Reached XP level 14. HP: 97/97 MP: 17/17
 19112 | Orc:1    | Entered Level 1 of the Orcish Mines
 19139 | Orc:1    | Noticed an orc warlord
 19314 | D:10     | Killed an orc warlord
 20220 | Orc:1    | Found Suqeis's General Store.
 20372 | Orc:1    | Found a roughly hewn altar of Beogh.
 20391 | Orc:1    | Paralysed by an orc sorcerer for 4 turns
 20399 | Orc:1    | Noticed an orc warlord
 20442 | Orc:1    | Killed an orc warlord
 20813 | Orc:1    | Found a roughly hewn altar of Beogh.
 21107 | Orc:2    | Entered Level 2 of the Orcish Mines
 21382 | Orc:2    | Reached skill level 15 in Shields
 21720 | Orc:2    | Paralysed by an orc sorcerer for 6 turns
 21811 | Orc:2    | Found a staircase to the Elven Halls.
 21989 | Orc:2    | Reached skill level 10 in Fighting
 22011 | Orc:2    | Found a roughly hewn altar of Beogh.
 22201 | Orc:2    | Found Plog's Antique Weapon Shoppe.
 22205 | Orc:2    | Found Ruq Ynwor's Jewellery Emporium.
 22230 | Orc:2    | Found Ecvialof's Weapon Emporium.
 22232 | Orc:2    | Found Opelokao's Assorted Antiques.
 22237 | Orc:2    | Bought a notched peridot ring for 160 gold pieces
 22237 | Orc:2    | Bought a pair of embroidered gloves for 240 gold pieces
 22237 | Orc:2    | Bought a scroll labeled NIQUNEA KUNLES for 32 gold pieces
 22526 | Orc:2    | Bought a +3 amulet of reflection for 266 gold pieces
 22530 | Orc:2    | Bought a runed trident for 188 gold pieces
 22657 | Lair:1   | Entered Level 1 of the Lair of Beasts
 22898 | Lair:1   | Reached XP level 15. HP: 99/103 MP: 19/19
 23172 | Lair:1   | Reached ****** piety under Hepliaklqana
 24013 | Lair:2   | Reached skill level 10 in Armour
 24071 | Lair:2   | Found a staircase to the Swamp.
 24698 | Lair:3   | Noticed Gastronok
 24716 | Lair:3   | Killed Gastronok
 24845 | Lair:3   | Found a staircase to the Snake Pit.
 26214 | Lair:4   | Reached skill level 11 in Fighting
 27267 | Lair:5   | Found a runed translucent gate.
 27267 | Lair:5   | Found a runed translucent gate.
 27267 | Lair:5   | Found a runed translucent gate.
 27494 | Lair:5   | Noticed Imumygh's ghost (journeyman HOMo)
 28291 | Lair:6   | Entered Level 6 of the Lair of Beasts
 28794 | Lair:6   | Found a viscous altar of Jiyva.
 28794 | Lair:6   | Found a staircase to the Slime Pits.
 28806 | Lair:6   | Reached XP level 16. HP: 113/113 MP: 21/21
 29270 | Lair:6   | Found a shimmering altar of Xom.
 29660 | Lair:6   | Reached skill level 12 in Fighting
 29729 | Lair:6   | Found a large runed translucent door.
 29736 | Lair:6   | Found a large runed translucent door.
 30495 | Snake:1  | Entered Level 1 of the Snake Pit
 32781 | Snake:2  | Found a hide-covered altar of Uskayaw.
 33130 | Snake:2  | Reached XP level 17. HP: 113/121 MP: 17/23
 33605 | Snake:2  | Reached skill level 13 in Fighting
 35309 | Snake:3  | Identified the +2 robe of Xaplich {rN+}
 36168 | Snake:4  | Entered Level 4 of the Snake Pit
 36996 | Snake:4  | Found Lovu's Magic Scroll Emporium.
 36998 | Snake:4  | Found Qimm's Weapon Shoppe.
 37424 | Snake:4  | Found Soul Irr's Book Emporium.
 37553 | Snake:4  | Bought a scroll of acquirement for 676 gold pieces
 38081 | Snake:4  | Reached XP level 18. HP: 129/129 MP: 24/24
 38337 | Snake:4  | Reached skill level 5 in Evocations
 39590 | Snake:4  | Got a serpentine rune of Zot
 40055 | Vaults:1 | Entered Level 1 of the Vaults
 40787 | Vaults:1 | Reached skill level 14 in Fighting
 41374 | Vaults:1 | Found a roughly hewn altar of Beogh.
 41804 | Vaults:1 | Found Udikiat's Distillery.
 41813 | Vaults:1 | Reached XP level 19. HP: 124/137 MP: 25/25
 41820 | Vaults:1 | Bought a potion of haste for 150 gold pieces
 42505 | Vaults:1 | Bought a potion of heal wounds for 75 gold pieces
 42677 | Vaults:2 | Identified the -12 large shield "Hovid" {Dex+6}
 42677 | Vaults:2 | Noticed Mennas
 42706 | Vaults:2 | Killed Mennas
 43429 | Vaults:2 | Found a staircase to the Crypt.
 43429 | Vaults:2 | Found a basalt altar of Yredelemnul.
 43430 | Vaults:2 | Found an ancient bone altar of Kikubaaqudgha.
 43660 | Vaults:2 | Noticed Frederick
 43673 | Vaults:2 | Killed Frederick
 44740 | Vaults:2 | Reached skill level 15 in Fighting
 46084 | Vaults:3 | Reached XP level 20. HP: 145/145 MP: 26/26
 48406 | Vaults:4 | Cast into level 2 of the Abyss (a wizard)
 48416 | Abyss:2  | Found a corrupted altar of Lugonu.
 48440 | Abyss:2  | Found a radiant altar of Vehumet.
 48544 | Abyss:2  | Found a radiant altar of Vehumet.
 48654 | Abyss:2  | Found a radiant altar of Vehumet.
 48741 | Vaults:4 | Escaped the Abyss
 49259 | Vaults:4 | Paralysed by a great orb of eyes for 5 turns
 50403 | Vaults:4 | Reached skill level 16 in Fighting
 50467 | Vaults:4 | Found a radiant altar of Vehumet.
 50477 | Vaults:4 | Identified the +2 hat of the Curious Runes {MR- rCorr
                  | Int+5} (You found it on level 4 of the Vaults)
 50489 | Vaults:4 | Identified the +1 hat "Ywneulu" {rCorr Dex+2} (You found it
                  | on level 4 of the Vaults)
 50915 | Swamp:1  | Entered Level 1 of the Swamp
 51077 | Swamp:1  | Reached XP level 21. HP: 131/153 MP: 27/27
 51303 | Swamp:1  | Noticed Roxanne
 51429 | Swamp:1  | Noticed Josephine
 51434 | Swamp:1  | Killed Josephine
 52097 | Swamp:1  | Killed Roxanne
 53060 | Swamp:3  | Noticed Nikola
 53066 | Swamp:3  | Noticed Aizul
 53110 | Swamp:3  | Killed Aizul
 53127 | Swamp:3  | HP: 7/154 [Nikola/chain lightning (15)]
 53131 | Swamp:3  | Killed Nikola
 53131 | Swamp:3  | HP: 3/154 [/chain lightning (16)]
 54343 | Swamp:3  | Noticed Bai Suzhen
 54367 | Swamp:3  | Killed Bai Suzhen
 54577 | Swamp:4  | Entered Level 4 of the Swamp
 55172 | Swamp:4  | Identified the cursed ring of the Griffon {rPois Slay-4
                  | SInv Stlth+}
 55444 | Swamp:4  | Got a decaying rune of Zot
 56280 | D:15     | Found a staircase to the Depths.
 56309 | Depths:1 | Entered Level 1 of the Depths
 56323 | D:15     | Reached skill level 17 in Fighting
 56649 | Elf:1    | Entered Level 1 of the Elven Halls
 56718 | Elf:1    | Found a ruined gateway.
 56749 | Elf:1    | Found a white marble altar of Elyvilon.
 56749 | Elf:1    | Found a glowing golden altar of the Shining One.
 56750 | Elf:1    | Found a glowing silver altar of Zin.
 56772 | Desolati | Entered the Desolation of Salt
 56975 | Desolati | Reached XP level 22. HP: 152/162 MP: 28/28
 57789 | Desolati | Identified Fycvu's Incunabulum of Spatial Sinister Rites
 57863 | Desolati | Identified the cursed +0 ring mail of the Centipede {rN+++
                  | Str-3 Stlth-} (You found it in the Desolation of Salt)
 57868 | Desolati | Identified the Incunabulum of Supportive Dark Secrets
 58650 | Desolati | Identified Mixaff's Grimoire of Bewitching Poisoning
 58652 | Desolati | Identified Uptack's Handbook of Hurtful Translocation
 58761 | Desolati | Reached skill level 15 in Armour
 59727 | Elf:1    | Found a large runed translucent door.
 59727 | Elf:1    | Found a large runed translucent door.
 59731 | Elf:1    | Noticed MisterT's ghost (journeyman DDFi)
 60898 | Elf:2    | Reached skill level 18 in Fighting
 61222 | Elf:2    | Found a huge runed translucent gate.
 61222 | Elf:2    | Found a huge runed translucent gate.
 61222 | Elf:2    | Found a huge runed translucent gate.
 61228 | Elf:2    | Found a huge runed translucent gate.
 61228 | Elf:2    | Found a huge runed translucent gate.
 61228 | Elf:2    | Noticed Saint Roka
 62357 | Elf:2    | Killed Saint Roka
 63134 | Elf:3    | Entered Level 3 of the Elven Halls
 63145 | Elf:3    | Found a magical portal.
 63271 | WizLab   | Found the +9 staff of Wucad Mu {channel}
 63450 | WizLab   | Reached skill level 5 in Dodging
 63450 | WizLab   | Reached XP level 23. HP: 172/172 MP: 29/29
 63957 | Elf:3    | Reached skill level 10 in Throwing
 64011 | Elf:3    | HP: 7/172 [deep elf mage/bolt of magma (13)]
 64457 | Elf:3    | Reached XP level 24. HP: 179/179 MP: 29/29
 64471 | Elf:3    | Identified the cursed +0 dagger "Zirrihee" {drain, rC+}
 64806 | Elf:3    | Identified the +1 leather armour of Truth {*Slow rC+ rN+
                  | SInv}
 65073 | Elf:3    | Identified the +5 scale mail of Complete Protection {Dex+3}
 65073 | Elf:3    | Identified the +1 battleaxe "Pobeozxe" {chop, rN+ MR+}
 65084 | Elf:3    | Identified the +6 broad axe of the Boiling Point {pain,
                  | rElec rC- MR++ Dex+2}
 65565 | Elf:3    | Identified the +8 halberd of Disintegration {venom, rC+
                  | MP+9 Int+2}
 65696 | Elf:3    | Reached skill level 19 in Fighting
 66396 | Elf:3    | Identified the Guide on the Warped Volcanoes
 68733 | Depths:1 | Found a gateway to Hell.
 68974 | Depths:1 | Found a one-way gate to the infinite horrors of the Abyss.
 69096 | Depths:1 | Reached skill level 20 in Fighting
 69323 | Depths:1 | Found a one-way gate leading to the halls of Pandemonium.
 69396 | Depths:1 | Noticed the Enchantress
 69688 | Depths:1 | Killed the Enchantress
 69712 | Depths:1 | HP: 8/183 [spriggan air mage/the air[the Enchantress] (8)]
 70450 | Depths:1 | Reached XP level 25. HP: 57/189 MP: 26/29
 71319 | Vaults:5 | Entered Level 5 of the Vaults
 73494 | Depths:2 | Identified the +0 helmet of Qikit {Str+2} (You found it on
                  | level 2 of the Depths)
 73783 | Depths:2 | Found a runed translucent door.
 73911 | Depths:2 | Paralysed by a floating eye for 4 turns
 74863 | Depths:2 | Identified the +8 spear of Yhalaoje {venom, +Fly rElec
                  | rPois Str-2 Dex+4}
 75072 | Depths:2 | Reached skill level 21 in Fighting
 76436 | Depths:2 | Found a gateway to a ziggurat.
 76685 | Depths:2 | Learned a level 2 spell: Passwall
 76713 | Depths:3 | Found an iron altar of Okawaru.
 78813 | Depths:3 | Noticed a juggernaut
 78834 | Depths:3 | Killed a juggernaut
 79356 | Depths:3 | Reached XP level 26. HP: 145/201 MP: 29/29
 79929 | Depths:3 | Noticed Margery
 79941 | Depths:3 | Killed Margery
 80502 | Depths:4 | Found Neqecs's Food Shop.
 81204 | Depths:4 | Reached skill level 22 in Fighting
 81625 | Depths:4 | Found a runed translucent door.
 82063 | Depths:4 | Found a runed translucent door.
 82666 | Depths:4 | Paralysed by a vampire knight for 7 turns
 83156 | Depths:5 | Entered Level 5 of the Depths
 83349 | Depths:5 | Noticed a juggernaut
 83378 | Depths:5 | Killed a juggernaut
 84326 | Depths:5 | Found a gate to the Realm of Zot.
 84815 | Depths:5 | Found a runed translucent door.
 84848 | Depths:5 | Noticed Barug's ghost (adept TrMo)
 85621 | Depths:5 | Reached skill level 23 in Fighting
 86138 | D:9      | Found a runed translucent gate.
 86138 | D:9      | Found a runed translucent gate.
 86144 | D:9      | Found a runed translucent gate.
 86148 | D:9      | Noticed Sassenached's ghost (novice DsWn)
 86176 | D:9      | Killed Sassenached's ghost
 86188 | D:9      | Learned a level 1 spell: Apportation
 86203 | D:9      | Got a transparent hat
 86207 | D:9      | Identified the +0 hat "Jeny" {+Fly Regen+ Str+2} (You found
                  | it on level 9 of the Dungeon)
 86477 | Vaults:1 | Bought a potion of cancellation for 120 gold pieces
 86477 | Vaults:1 | Bought 2 potions of invisibility for 240 gold pieces
 86477 | Vaults:1 | Bought a potion of brilliance for 60 gold pieces
 86477 | Vaults:1 | Bought a potion of curing for 45 gold pieces
 86695 | Depths:1 | Voluntarily entered the Abyss.
 86989 | Abyss:1  | Reached XP level 27. HP: 211/211 MP: 26/26
 87273 | Abyss:2  | Lost mutation: You are partially covered in slimy green
                  | scales. (AC +2) [a neqoxec]
 87358 | Depths:1 | Escaped the Abyss
 87641 | Depths:5 | Killed Barug's ghost
 88189 | D:10     | Bought an uncursed ring of positive energy for 340 gold
                  | pieces
 88372 | Crypt:1  | Entered Level 1 of the Crypt
 88401 | Crypt:1  | Reached skill level 1 in Transmutations
 88656 | Vaults:2 | Reached skill level 1 in Earth Magic
 90391 | Crypt:3  | Entered Level 3 of the Crypt
 90450 | Crypt:3  | Reached skill level 10 in Invocations
 90786 | Crypt:3  | Found a staircase to the Tomb.
 91028 | Crypt:3  | Reached skill level 24 in Fighting
 91047 | Crypt:3  | Reached skill level 10 in Dodging
 91384 | Crypt:3  | Noticed an ancient lich
 91384 | Crypt:3  | Noticed an ancient lich
 91425 | Crypt:3  | Killed an ancient lich
 91433 | Crypt:3  | Killed an ancient lich
 91521 | Crypt:3  | Identified Nalyefuu's Guide on the Helpful Traveller
 91529 | Crypt:3  | Got a heavily runed bone ring
 91532 | Crypt:3  | Identified the ring of the Genius {*Drain rF++ rN+ Int+6}
                  | (You found it on level 3 of the Crypt)
 91535 | Crypt:3  | Identified the ring "Vyunoi" {+Fly rF+ rC+ rN+ Dex-4} (You
                  | found it on level 3 of the Crypt)
 91541 | Crypt:3  | Identified the Compendium of Stolen Souls
 91554 | Crypt:3  | Got a fine silver ring
 91555 | Crypt:3  | Identified the ring of False Pretenses {*Slow rPois rF++
                  | rC++} (You found it on level 3 of the Crypt)
 91924 | Orc:1    | Bought a scroll of immolation for 45 gold pieces
 92195 | Snake:4  | Bought a scroll of immolation for 45 gold pieces
 94742 | Vaults:4 | Reached skill level 25 in Fighting
 95800 | Vaults:5 | Identified the cursed +0 scale mail "Huzas" {rC+ rN+
                  | Slay-5}
 96293 | Vaults:5 | Got a silver rune of Zot
 96819 | Crypt:2  | Noticed an ancient lich
 96828 | Crypt:2  | Killed an ancient lich
 99200 | Zot:1    | Entered Level 1 of the Realm of Zot
 99843 | Zot:1    | Reached skill level 26 in Fighting
100890 | Zot:2    | Noticed an orb of fire
100898 | Zot:2    | Lost mutation: Your flesh is cold resistant. (rC+) [an orb
                  | of fire]
100900 | Zot:2    | Killed an orb of fire
104289 | Zot:3    | Identified the Catalogue of the Volcanoes and Bewitchment
104543 | Zot:4    | Noticed an orb of fire
104546 | Zot:4    | Gained mutation: Scrolls take you a little longer to read.
                  | [an orb of fire]
104566 | Zot:4    | Killed an orb of fire
105145 | Zot:5    | Entered Level 5 of the Realm of Zot
105623 | Zot:5    | Reached skill level 27 in Fighting
106214 | Zot:5    | Noticed an ancient lich
106219 | Zot:5    | Killed an ancient lich
106773 | Zot:5    | Noticed an orb of fire
106791 | Zot:5    | Killed an orb of fire
106860 | Zot:5    | Noticed an ancient lich
106871 | Zot:5    | Killed an ancient lich
107081 | Zot:5    | Noticed an orb of fire
107108 | Zot:5    | Killed an orb of fire
107161 | Zot:5    | Noticed an orb of fire
107182 | Zot:5    | Killed an orb of fire
107301 | Zot:5    | Noticed an orb of fire
107317 | Zot:5    | Noticed an ancient lich
107318 | Zot:5    | Killed an orb of fire
107325 | Zot:5    | Killed an ancient lich
107471 | Zot:5    | Noticed an orb of fire
107481 | Zot:5    | Noticed an orb of fire
107487 | Zot:5    | Gained mutation: You are clumsy. (Dex -2) [an orb of fire]
107492 | Zot:5    | Gained mutation: You are frail. (-10% HP) [an orb of fire]
107493 | Zot:5    | Gained mutation: Your body sometimes deteriorates upon
                  | taking damage. [an orb of fire]
107494 | Zot:5    | Gained mutation: You are weak. (Str -2) [an orb of fire]
107499 | Zot:5    | HP: 9/199 [electric golem/bolt of lightning (25)]
107499 | Zot:5    | Killed from afar by an electric golem

Levels and vault maps discovered:
D:1:      scummos_arrival_forest, layout_basic, chequers_arboretum,
          moated_statue
D:2:      layout_rooms, marbit_many_paths
D:3:      layout_loops_ring, moated_statue, uniq_crazy_yiuf_cottage
D:4:      minmay_octagon_keep, layout_basic, kennysheep_windowed_goal
D:5:      layout_cave_pools, first_ration, nicolae_qazlal_style_of_elements
D:6:      layout_cave_pods, st_stairs_13, corexii_item_surrounded_by_moat
D:7:      layout_gridville, minmay_temple_entry_junction
D:8:      layout_loops_ring, dpeg_oklobed_lair, basic_altar, enter_ossuary_5
D:9:      layout_roguey, ploomutoo_gammafunk_ghost_potion_laboratory,
          grunt_livestock, uniq_maurice, uniq_psyche, uniq_prince_ribbit1,
          uniq_harold
D:10:     lemuel_slime, layout_loops_corners,
          kennysheep_orc_monster_closet_entryway, serial_shops, shop,
          hellmonk_ghost_happy_afterlife
D:11:     layout_rooms
D:12:     layout_basic, serial_shops, shop, basic_altar
D:13:     layout_gridville, david_vaults_5, st_stairs_9
D:14:     layout_irregular_city, nicolae_lava_and_water, uniq_frances
D:15:     grunt_enter_depths_magical_seal, layout_irregular_city, minivault_23,
          uniq_azrael, uniq_nessos
Lair:1:   layout_gridlike, serial_bayou_pond_b
Lair:2:   layout_small_grid, swamp_mist, minivault_29
Lair:3:   layout_hall_layers, guppyfry_snake_entry_island,
          chequers_serial_rivers_small_a, fungi_pond_lemuel, grunt_megastairs_4,
          minmay_lair_oklob_chamber, uniq_gastronok
Lair:4:   layout_gridlike
Lair:5:   pond_and_an_island_with_a_cottage, layout_cave_pods,
          gammafunk_ghost_split, st_stairs_4, chequers_serial_rivers_small_a
Lair:6:   cheibrodos_lair_end_hotspot, layout_hall_layers, slime_altar_1,
          basic_altar
Swamp:1:  layout_falls_marsh, serial_swamp_ruin, hangedman_swamp_ruin_wall,
          evilmike_swamp_ruin_rubble_2, evilmike_swamp_ruin_house_1,
          uniq_roxanne, uniq_josephine
Swamp:2:  layout_basic_swamp, evilmike_swamp_ruin_house_3
Swamp:3:  layout_basic_swamp, evilmike_swamp_ruin_house_5, swamp_pool1,
          uniq_bai_suzhen, uniq_nikola, uniq_aizul
Swamp:4:  swamp_alternative, layout_basic_swamp, swamp_pool3
Snake:1:  layout_cave_shapes, grunt_megastairs_2
Snake:2:  layout_honeycomb, basic_altar, st_stairs_1, statue_in_the_mist_lemuel,
          lemuel_fruit_tree
Snake:3:  layout_basic, special_room
Snake:4:  snake_pit, layout_cave_town, minmay_shop_star
Orc:1:    layout_caves, serial_shops, nicolae_shop_trees, basic_altar,
          portal_ice_cave_entry_pillars_1, minmay_orc_temple_b
Orc:2:    st_orc_mages, layout_diamond_mine, mines1_david
Elf:1:    layout_geoelf_diagonals, ebering_ghost_disaster_area,
          portal_desolation_entry_holy_temple, minivault_28
Elf:2:    layout_gridlike, uniq_saint_roka
Elf:3:    minmay_elf_hall_quartered_circle, layout_loops_ring,
          lightli_enter_wizlab_magi_temple, nicolae_elf_w_pinch
Vaults:1: v_misc_10, vaults_dpeg_spiral, ontoclasm_vaults_ligature,
          grunt_vaults_focal, hangedman_vaults_nails,
          hangedman_vaults_restitches, v_misc_15, nicolae_vaults_ninety_degrees,
          v_misc_25, special_room_vaults [special_room_orc],
          ontoclasm_vaults_ring_large, grunt_vaults_hallway_short,
          nicolae_vaults_rhombus_7, hangedman_vaults_slice,
          ontoclasm_vaults_ring_small, vaults_dpeg_ring,
          layout_vaults_omnicross, serial_shops, shop
Vaults:2: nicolae_vaults_rhombus_6, minmay_crypt_entry_necro_gods,
          ontoclasm_vaults_ring_large, nicolae_vaults_little_squares_1,
          v_misc_16, vaults_dpeg_hooks, ontoclasm_vaults_ring_large,
          nicolae_vaults_border_crossing, v_misc_13, vaults_dpeg_diagonal,
          layout_vaults_big_room, uniq_mennas, uniq_frederick
Vaults:3: st_eye, ontoclasm_vaults_twist, nicolae_vaults_asterisk,
          nicolae_vaults_little_squares_5, vaults_standard_mumra_x,
          ontoclasm_vaults_shuriken, nicolae_vaults_little_squares_5,
          vaults_dpeg_encased_lava, ontoclasm_vaults_tryst, v_misc_5,
          nicolae_vaults_asterisk, nicolae_vaults_big_angled_halls,
          vaults_room_semicircle, nicolae_vaults_little_squares_6,
          nicolae_vaults_hallways_thing, vaults_room_fancy_cross,
          layout_vaults_maze
Vaults:4: v_alt_pattern_6, ontoclasm_vaults_eye, ontoclasm_vaults_ring_large,
          nicolae_vaults_angled_halls, nicolae_vaults_network_star, v_misc_28,
          vaults_dpeg_doors, nicolae_vaults_little_squares_6,
          vaults_room_corners, vaults_mumra_lcd, grunt_tower_of_power,
          nicolae_vaults_asterisk, layout_vaults_omnibox
Vaults:5
Crypt:1:  layout_chaotic_city
Crypt:2:  layout_regular_city
Crypt:3:  david_glass_crypt, layout_gridlike, tomb_entry_shell_bobbens,
          st_stairs_9, minivault_23
Depths:1: layout_cave_shapes, grunt_pan_entry_zigzag, pf_coc_iceberg,
          abyss_entry, chequers_jeans, evilmike_ambush
          [evilmike_ambush_outer_basic, evilmike_ambush_inner_basic],
          uniq_enchantress
Depths:2: box_level_dp, abyss_entry, hell_entry
Depths:3: minmay_cut_squares, layout_gridlike, pan_entry,
          hangedman_abyss_entry_splay, okawaru_ov_weapons_minmay, hell_entry,
          kennysheep_generic_room_11, uniq_margery
Depths:4: thingy_vault_2, layout_basic, grunt_pan_entry_sceptre, hell_entry,
          serial_shops, shop, serial_sigils, serial_sigils_hangedman_shear,
          serial_sigils_hangedman_shear, serial_sigils_hangedman_scratch,
          serial_sigils_hangedman_snap, serial_sigils_hangedman_gnaw,
          serial_sigils_hangedman_gut, abyss_entry
Depths:5: evilmike_zot_entry_hall, layout_gridville, rand_demon_pan_entry_4,
          minmay_hedge_maze, gammafunk_ghost_grave, grunt_metal_band
Zot:1:    minmay_elemental_castle, layout_misc_corridors, zot_minivault_4
Zot:2:    layout_cathedral_of_symmetry
Zot:3:    layout_onion_interference, st_large_dragon_hoard_3
Zot:4:    kennysheep_blocky_hall, layout_twisted_circle
Zot:5:    layout_misc_corridors, grunt_ministairs_5

Skill      XL: |  1  2  3  4  5  6  7  8  9 10 11 12 13 14 15 16 17 18 19 20 21 22 23 24 25 26 27 |
---------------+----------------------------------------------------------------------------------+-----
Polearms       | 5 6 7 8 9 11 12 14 15 17 18 19 20 21 22 24 | 24.7
Armour         | 1 2 3 4 5 6 7 8 9 10 11 12 13 14 15 16 18 19 22 | 22.1
Fighting       | 3 4 5 7 8 9 10 11 12 13 14 15 16 17 18 20 21 23 27 | 27.0
Shields        | 2 4 6 8 10 12 13 15 16 17 18 19 20 23 | 23.5
Throwing       | 3 4 5 6 7 8 9 10 11 | 11.2
Invocations    | 3 5 7 8 9 14 | 14.1
Evocations     | 1 4 6 |  6.0
Dodging        | 5 6 7 13 | 13.5
Transmutations | 4 |  4.7
Earth Magic    | 2 |  2.8
Stealth        | |  0.5
Spellcasting   | |  0.2
Translocations | |  0.3

Action                   |  1- 3 |  4- 6 |  7- 9 | 10-12 | 13-15 | 16-18 | 19-21 | 22-24 | 25-27 || total
-------------------------+-------+-------+-------+-------+-------+-------+-------+-------+-------++-------
Melee: Trident           |   104 |   138 |   405 |  1036 |  1925 |  2181 |  2383 |  1778 |   389 || 10339
       Tailslap          |       |       |       |       |     1 |       |    83 |       |     2 ||    86
       Trishula          |       |       |       |       |       |       |       |    50 |   835 ||   885
       Spear             |       |       |       |       |       |       |       |       |   329 ||   329
       Demon trident     |       |       |       |       |       |       |       |       |  2248 ||  2248
Throw: Dart              |     1 |    17 |    29 |    60 |    64 |       |     8 |    16 |     5 ||   200
       Boomerang         |       |       |       |     7 |    70 |     7 |    34 |    47 |     4 ||   169
       Javelin           |       |       |       |       |       |       |    10 |     8 |    25 ||    43
 Cast: Apportation       |       |       |       |       |       |       |       |       |     3 ||     3
Invok: Recall Ancestor   |       |       |     1 |     1 |     3 |     8 |    11 |     4 |    17 ||    45
       Ancestor Life: He |       |       |     1 |       |       |       |       |       |       ||     1
       Idealise          |       |       |       |       |     1 |     1 |     4 |     6 |    14 ||    26
Evoke: Wand              |       |       |       |     2 |    13 |     5 |     1 |     9 |    19 ||    49
       Box of beasts     |       |       |       |       |       |       |       |     1 |       ||     1
       Phantom mirror    |       |       |       |       |       |       |       |     1 |       ||     1
  Use: Scroll            |       |       |    14 |    13 |    11 |     5 |     8 |    13 |    41 ||   105
       Potion            |       |       |     2 |     4 |     6 |       |    12 |    13 |    17 ||    54
 Stab: Sleeping          |     1 |       |       |       |       |       |       |       |       ||     1
       Distracted        |       |       |     6 |     6 |    21 |    23 |    22 |    17 |    62 ||   157
       Confused          |       |       |     8 |     7 |    20 |    14 |   106 |    49 |   201 ||   405
       Invisible         |       |       |       |     2 |       |       |       |       |       ||     2
       Paralysed         |       |       |       |       |    41 |    67 |    62 |    38 |    99 ||   307
       Petrified         |       |       |       |       |     2 |       |       |       |       ||     2
  Eat: Chunk             |     1 |     7 |    13 |    38 |    38 |    17 |    36 |    30 |    25 ||   205
       Ration            |       |       |       |       |     1 |     8 |     4 |     4 |    30 ||    47
Armor: Leather armour    |     9 |       |       |       |       |       |       |       |       ||     9
       Scale mail        |    16 |    28 |     2 |       |       |       |       |       |       ||    46
       Chain mail        |       |       |    29 |       |       |       |       |       |       ||    29
       Plate armour      |       |       |    63 |   283 |   324 |   363 |   378 |   322 |   595 ||  2328
       Gold dragon scale |       |       |       |       |       |       |       |       |   283 ||   283
Dodge: Dodged            |    56 |    32 |    36 |   102 |   213 |   260 |   347 |   361 |   930 ||  2337
Block: Large shield      |       |    12 |   189 |   529 |  1141 |  1630 |  1550 |  1307 |  2176 ||  8534
       Reflection        |       |       |       |       |     7 |   183 |   123 |    89 |    85 ||   487
       Other             |       |       |       |       |       |       |       |       |    26 ||    26
